 Dungeon Crawl Stone Soup version 0.28-a0-1236-gb25a51b929 (webtiles) character file.

Game seed: 1807862062914975043

0 enile the Stinger (level 1, -2/11 HPs)
             Began as an Octopode Venom Mage on Dec 26, 2021.
             Slain by a quokka (4 damage)
             ... on level 1 of the Dungeon.
             The game lasted 00:00:35 (35 turns).

enile the Stinger (Octopode Venom Mage)               Turns: 35, Time: 00:00:36

Health: -2/11      AC:  1    Str:  7    XL:     1   Next: 10%
Magic:  3/3        EV: 13    Int: 17    God:
Gold:   10         SH:  0    Dex: 12    Spells: 3/4 levels left

rFire   . . .      SeeInvis .   (no weapon)
rCold   . . .      Faith    .   (no shield)
rNeg    . . .      Spirit   .   (helmet restricted)
rPois   .          Reflect  .   (no amulet)
rElec   .          Harm     .   (no ring)
rCorr   .          Rampage  .   (no ring)
Will    .....                   (no ring)
Stlth   +++.......              (no ring)
HPRegen 0.03/turn               (no ring)
MPRegen 0.08/turn               (no ring)
                                (no ring)
                                (no ring)

@: no status effects
A: almost no armour, amphibious, 8 rings, camouflage 1, gelatinous body 1,
(nimble swimmer 1), tentacles
a: no special abilities


You were on level 1 of the Dungeon.
You visited 1 branch of the dungeon, and saw 1 of its levels.

You collected 10 gold pieces.

Inventory:

Jewellery
 a - a ring of poison resistance


   Skills:
 + Level 2.0 Dodging
 + Level 2.7 Stealth
 + Level 2.0 Spellcasting
 + Level 1.0 Transmutations
 + Level 3.6 Poison Magic


You had 3 spell levels left.
You knew the following spells:

 Your Spells              Type           Power      Damage    Failure   Level
a - Sting                 Tmut/Pois      36%        1d4       8%          1

Your spell library contained the following spells:

 Spells                   Type           Power      Damage    Failure   Level
 Poisonous Vapours        Pois/Air       14%        N/A       14%         2
 Mephitic Cloud           Conj/Pois/Air  5%         N/A       34%         3
 Olgreb's Toxic Radiance  Pois           14%        N/A       41%         4


Dungeon Overview and Level Annotations

Branches:
Dungeon (1/15)

Altars:


Innate Abilities, Weirdness & Mutations

You cannot wear most types of armour.
You are amphibious.
You can wear up to eight rings at the same time.
Your skin changes colour to match your surroundings (Stealth+).
Your rubbery body absorbs attacks. (AC +1, EV +1)
((You are camouflaged when in or above water. (Stealth+)))
You have tentacles for arms and can constrict up to eight enemies at once.


Message History

Found 19 gold pieces.
Found a staircase leading out of the dungeon.
Okay, then.
You now have 10 gold pieces.
A quokka and a hobgoblin come into view.
The hobgoblin shouts!
You hear a shout!
A kobold comes into view. It is wielding a +0 short sword.
Casting: Sting (safe; 8% risk of failure)
Confirm with . or Enter, or press ? or * to list all spells.
Aiming: Sting (safe; 8% risk of failure)
Press: ? - help, Shift-Dir - straight line, f - hobgoblin
Aim: a hobgoblin (68% to hit)
The sting misses the hobgoblin.
Casting: Sting (safe; 8% risk of failure)
Confirm with . or Enter, or press ? or * to list all spells.
Aiming: Sting (safe; 8% risk of failure)
Press: ? - help, Shift-Dir - straight line, f/p - hobgoblin
Aim: a hobgoblin (68% to hit)
The sting misses the hobgoblin.
The hobgoblin hits you.
A frilled lizard comes into view.
Found a gilded ring.
The frilled lizard misses you.
You miss the frilled lizard. Your grab misses the frilled lizard.
The frilled lizard barely misses you. The hobgoblin barely misses you.
You tentacle-slap the frilled lizard. You grab the frilled lizard.
The frilled lizard is heavily wounded.
You constrict the frilled lizard.
You kill the frilled lizard!
The hobgoblin hits you but does no damage.
You see here a ring of poison resistance.
a - a ring of poison resistance The quokka bites you.
The hobgoblin misses you. The quokka barely misses you. The hobgoblin hits you.
* * * LOW HITPOINT WARNING * * *
Sorry, you're not good enough to have a special ability.
Found an amethyst potion.
An endoplasm comes into view.
A frilled lizard comes into view.
The quokka bites you.
You die...

.l. ##. .§. ... J§§ ..
§§§§. #§#. ...
######.############
...!...@rgK........
#####..####.######
###.# ###.#### ...
#..K...# ##. ###.#.##
#. ###..#### ##..
##.......## ..
#...###.........##....
##..........#....#....


You could see an endoplasm (asleep), a quokka, a hobgoblin, a kobold and a
frilled lizard (asleep).

Vanquished Creatures
  A frilled lizard (D:1)
1 creature vanquished.

Notes
Turn   | Place    | Note
-------+----------+-------------------------------------------
     0 | D:1      | enile the Octopode Venom Mage began the quest for the Orb.
     0 | D:1      | Reached XP level 1. HP: 11/11 MP: 3/3
    35 | D:1      | Slain by a quokka

Illustrated notes

Levels and vault maps discovered:
D:1:      dpeg_arrival_arbitrary_b, layout_basic, ebering_ecumenical_altar_mist,
          minmay_statues_item, nicolae_grassy_gnolls

Action                   || total
-------------------------++-------
Melee: Unarmed           ||     2
       Constrict         ||     1
 Cast: Sting             ||     2
Armor: Skin              ||     1
Dodge: Dodged            ||     5

Table legend: (Time is in decaauts)
 A = Elapsed time spent in this place.
 B = Non-inter-level travel time spent in this place.
 C = Inter-level travel time spent in this place.
 D = Time resting spent in this place.
 E = Time spent auto-exploring this place.
 F = Levels seen in this place.
 G = Mean time per level.
                   A        B        C        D        E       F      G
               +--------+--------+--------+--------+--------+-----+--------+
         Total |     35 |     35 |      0 |      0 |      7 |   1 |   35.0 |
       Dungeon |     35 |     35 |      0 |      0 |      7 |   1 |   35.0 |
               +--------+--------+--------+--------+--------+-----+--------+

Top non-repeatable levels by time:
     D:1: 35 daAuts
